 Dungeon Crawl Stone Soup version 0.31.0-12-g77e489cdc1 (webtiles) character file.

Game seed: 6912585842993873373

13500 Ijustatesigmund the Fighter (level 12, 0/79 HPs)
             Began as a Gargoyle Fighter on Feb 22, 2024.
             Was a High Priest of Cheibriados.
             Killed from afar by Jorgrun (41 damage)
             ... with an iron shot
             ... on level 12 of the Dungeon.
             The game lasted 00:20:23 (11160 turns).

Ijustatesigmund the Fighter (Gargoyle Fighter)     Turns: 11160, Time: 00:20:24

Health: 0/79       AC: 26    Str: 37    XL:     12   Next: 6%
Magic:  19/19      EV: 18    Int: 26    God:    Cheibriados [*****.]
Gold:   732        SH:  6    Dex: 22    Spells: 10/11 levels left

rFire   . . .        a - +2 morningstar
rCold   . . .        c - +0 buckler
rNeg    + . .        b - +1 plate armour {Will+}
rPois   ∞            (no helmet)
rElec   +            s - scarf {repulsion}
rCorr   .            w - +2 pair of gloves {Str+3}
SInv    .            t - +0 pair of boots
Will    +....        D - amulet of regeneration Stlth
                     q - +5 ring of evasion
HPRegen 1.13/turn    z - +5 ring of evasion
MPRegen 0.16/turn

%: repel missiles
@: mighty, very slow
A: sickness immunity, AC +8, negative energy resistance 1, electricity
resistance, torment resistance 1, petrification resistance
a: Renounce Religion, Bend Time, Temporal Distortion, Slouch, Step From Time


You were on level 12 of the Dungeon.
You worshipped Cheibriados.
Cheibriados was extremely pleased with you.
You visited 2 branches of the dungeon, and saw 13 of its levels.

You collected 927 gold pieces.
You spent 195 gold pieces at shops.

Inventory:

Hand Weapons
 a - a +2 morningstar (weapon)
Missiles
 e - 6 throwing nets (quivered)
Armour
 b - a +1 plate armour of willpower (worn)
 c - a +0 buckler (worn)
 s - a scarf of repulsion (worn)
 t - a +0 pair of boots (worn)
 w - a +2 pair of gloves of strength (worn)
Jewellery
 q - a +5 ring of evasion (left hand)
 v - an amulet of magic regeneration
 y - a +4 ring of protection
 z - a +5 ring of evasion (right hand)
 D - an amulet of regeneration (around neck)
 E - a ring of willpower
Wands
 k - a wand of digging (5)
 n - a wand of roots (19)
 C - a wand of acid (7)
 F - a wand of charming (5)
Scrolls
 f - 5 scrolls of teleportation
 g - 6 scrolls of fog
 h - 3 scrolls of poison
 i - 2 scrolls of amnesia
 m - 2 scrolls of revelation
Potions
 j - a potion of attraction
 o - 2 potions of brilliance {unknown}
 p - 5 potions of degeneration {unknown}
 r - 3 potions of mutation {unknown}
 u - 6 potions of curing {unknown}
 x - 2 potions of lignification {unknown}
 A - 2 potions of ambrosia {unknown}
 B - a potion of heal wounds
 G - a potion of haste {unknown}


   Skills:
 + Level 10.9 Fighting
 + Level 10.8 Maces & Flails
 - Level 5.1 Armour
 - Level 5.3 Shields
 - Level 8.2 Conjurations
 - Level 9.9 Invocations


You had 10 spell levels left.
You knew the following spells:

 Your Spells              Type           Power      Damage    Failure   Level
a - Magic Dart            Conj           100%       1d8       3%          1

Your spell library contained the following spells:

 Spells                   Type           Power      Damage    Failure   Level
 Sting                    Conj/Alch      84%        1d8       17%         1
 Apportation              Tloc           0%         N/A       67%         1
 Necrotise                Necr           0%         1d4       67%         1
 Summon Small Mammal      Summ           0%         N/A       67%         1
 Blink                    Tloc           0%         N/A       80%         2
 Call Imp                 Summ           0%         N/A       80%         2
 Fugue of the Fallen      Necr           0%         N/A       95%         3
 Gell's Gravitas          Tloc           0%         N/A       95%         3
 Ozocubu's Armour         Ice            0%         N/A       95%         3
 Teleport Other           Tloc           0%         N/A       95%         3
 Irradiate                Conj/Alch      10%        3d15      99%         5
 Manifold Assault         Tloc           0%         N/A       100%        4
 Petrify                  Alch/Erth      0%         N/A       100%        4
 Dispersal                Tloc           0%         N/A       100%        6
 Sublimation of Blood     Necr           Unusable   N/A       N/A         2

Dungeon Overview and Level Annotations

Branches:
Dungeon (12/15)            Temple (1/1) D:5            Lair (0/5) D:11
    Orc (0/2) D:12

Altars:
Ashenzari
Cheibriados
Dithmenos
Elyvilon
Fedhas
Gozag
Hepliaklqana
Kikubaaqudgha
Makhleb
Nemelex Xobeh
Okawaru
Qazlal
Ru
Sif Muna
Trog
Uskayaw
Vehumet
Wu Jian
Xom
Yredelemnul
Zin
The Shining One

Shops:
D:6 [*   D:7 :   D:8 (   D:10 [   D:12 *

Annotations:
D:7 2 transporters, Quickbrownfox's ghost, novice OpSh
D:12 Jorgrun
Temple 2 transporters


Innate Abilities, Weirdness & Mutations

You are immune to sickness and miasma.
Your stone body is resilient. (AC +8)
You are immune to poison.
You resist negative energy. (rN+)
You are resistant to electric shocks. (rElec)
You are resistant to unholy torment.
You are immune to petrification.


Message History

You kill the orc!
Cheibriados appreciates the change of pace.
Jorgrun points next to you and mumbles some strange words.
The wall shatters!
The blast of rock fragments hits the orc!!
The orc dies!
The blast of rock fragments hits you!
You hear a shout!
You completely miss the orc. The orc barely misses you.
You puncture the orc!
You kill the orc!
Cheibriados appreciates the change of pace.
Jorgrun points at you and mumbles some strange words.
You are unaffected.
Something hits you but does no damage.
Jorgrun says, "'tis place shall be yer tomb!"
The orc completely misses you.
A cyclops opens the door.
Found a scroll labelled YGAYLA JAGGOL.
Things that are here:
a +0 short sword; a +0 chain mail You hit the orc.
The orc is almost dead.
You hit the orc.
You kill the orc!
Cheibriados appreciates the change of pace.
You hit Jorgrun but do no damage. Something hits you but does no damage.
Jorgrun hits you but does no damage. The ground beneath you fractures!
You miss Jorgrun. Something hits you but does no damage.
Jorgrun hits you but does no damage.
The cyclops throws a large rock.
The large rock misses you.
You closely miss Jorgrun. Jorgrun hits you with a staff of earth.
The ground beneath you fractures! Something hits you.
The cyclops throws a large rock.
The large rock completely misses you.
Unknown command.
You feel very mighty all of a sudden. Something hits you but does no damage.
Jorgrun gestures at you while chanting. The iron shot hits you!!!
Ouch! That really hurt!
You die...

...............
...............
...............
...............
...............
...............
.......g{....##
#@)...C'. ##.)....#?
##..#....# ##........#
#..#.∩.#..#
#.........#'#.....
#######.#..#............
.......................
......................


You could see Jorgrun and a cyclops.

Vanquished Creatures
  A two-headed ogre (D:10)
  Lodul (D:11)
  Pikel (D:5)
  3 cyclopes
  An elephant (D:11)
  3 gargoyles
  A kobold demonologist (D:9)
  An unseen horror (D:11)
  Grinder (D:5)
  A troll (D:9)
  A shadow (D:11)
  A vampire (D:9)
  4 wraiths
  2 wyverns
  8 yaks
  A basilisk (D:11)
  A warg (D:12)
  2 steam dragons (D:8)
  2 vampire mosquitoes
  A human (D:12)
  Menkaure (D:5)
  Edmund (D:4)
  2 acid dragons
  2 water moccasins
  2 orc warriors
  2 black bears (D:11)
  8 ogres
  4 centaurs
  2 lemures (D:5)
  A kobold brigand (D:9)
  2 bullfrogs
  A gnoll sergeant (D:11)
  3 scorpions
  15 wights
  13 killer bees
  3 howler monkeys
  8 electric eels (D:10)
  2 bombardier beetles
  2 jellies (D:6)
  12 orc priests
  Crazy Yiuf (D:5)
  A hound (D:4)
  A gnoll bouda (D:9)
  12 orc wizards
  17 gnolls
  7 adders
  A shadow imp (D:6)
  A white imp (D:6)
  2 ufetubi (D:7)
  3 dart slugs
  3 ribbon worms
  28 orcs
  4 ball pythons
  7 bats
  9 endoplasms
  3 giant cockroaches
  5 goblins
  9 hobgoblins
  3 jackals (D:3)
  6 quokkas
  3 training dummies (D:8)
  3 frilled lizards (D:2)
  15 kobolds
  4 rats
271 creatures vanquished.

Vanquished Creatures (others)
  A gnoll (D:10)
  2 orcs (D:12)
3 creatures vanquished.

Grand Total: 274 creatures vanquished

Notes
Turn   | Place    | Note
-------+----------+-------------------------------------------
     0 | D:1      | Ijustatesigmund the Gargoyle Fighter began the quest for
                  | the Orb.
     0 | D:1      | Reached XP level 1. HP: 14/14 MP: 1/1
   214 | D:1      | Reached XP level 2. HP: 18/19 MP: 2/2
   477 | D:1      | Reached XP level 3. HP: 22/24 MP: 3/3
  1100 | D:2      | Reached XP level 4. HP: 29/29 MP: 4/4
  1357 | D:2      | Reached XP level 5. HP: 34/34 MP: 5/5
  2600 | D:4      | Reached skill level 5 in Maces & Flails
  2605 | D:4      | Reached XP level 6. HP: 17/40 MP: 6/6
  2774 | D:4      | Reached skill level 5 in Fighting
  2938 | D:4      | Noticed Edmund
  2950 | D:4      | Killed Edmund
  2951 | D:4      | Reached XP level 7. HP: 38/44 MP: 7/7
  3464 | D:4      | Found a shadowy altar of Dithmenos.
  3520 | D:5      | Entered Level 5 of the Dungeon
  3525 | D:5      | Noticed Grinder
  3534 | D:5      | Paralysed by Grinder for 5 turns
  3541 | D:5      | Killed Grinder
  3806 | D:5      | Found a staircase to the Ecumenical Temple.
  3853 | Temple   | Found a transporter.
  3853 | Temple   | Found a transporter.
  3853 | Temple   | Found a transporter.
  3853 | Temple   | Found a transporter.
  3853 | Temple   | Entered the Ecumenical Temple
  3871 | Temple   | Became a worshipper of Cheibriados the Contemplative
  3907 | D:5      | Reached XP level 8. HP: 43/52 MP: 8/8
  3972 | D:5      | Noticed Menkaure
  3982 | D:5      | Killed Menkaure
  3983 | D:5      | Reached skill level 1 in Invocations
  4180 | D:5      | Noticed Pikel
  4226 | D:5      | Killed Pikel
  4227 | D:5      | Reached skill level 5 in Armour
  4500 | D:5      | Found a runed translucent door.
  4501 | D:5      | Noticed Crazy Yiuf
  4622 | D:5      | Identified the +9 trident of Annoyance {flame, rPois}
  4972 | D:5      | Killed Crazy Yiuf
  5160 | D:6      | Found a broken altar of Ashenzari.
  5164 | D:6      | Reached XP level 9. HP: 57/57 MP: 11/11
  5167 | D:6      | Reached * piety under Cheibriados
  5188 | D:6      | Found Vexoypust's Antique Armour Boutique.
  5200 | D:6      | Bought a pair of runed gloves for 195 gold pieces
  5433 | D:6      | Found Cumysm's Mail-Order Catalogue.
  5629 | D:7      | Found Gaufon's Self-Improvement Boutique.
  5651 | D:7      | Found a sparkling altar of Nemelex Xobeh.
  6216 | D:7      | Found a transporter.
  6222 | D:7      | Noticed Quickbrownfox's ghost (novice OpSh)
  6239 | D:7      | Found a transporter.
  6348 | D:7      | Found an ornate altar of the Wu Jian Council.
  6350 | D:7      | Reached ** piety under Cheibriados
  6435 | D:8      | Reached skill level 5 in Shields
  6484 | D:8      | Reached skill level 5 in Invocations
  6642 | D:8      | Learned a level 1 spell: Magic Dart
  6666 | D:8      | Reached skill level 1 in Conjurations
  6767 | D:8      | Reached XP level 10. HP: 51/65 MP: 14/14
  6928 | D:8      | You fall into a shaft and drop 3 floors!
  6937 | D:10     | Entered Level 10 of the Dungeon
  7044 | D:10     | Reached *** piety under Cheibriados
  7173 | D:10     | Noticed a cyclops
  7188 | D:10     | Killed a cyclops
  7247 | D:10     | Noticed a two-headed ogre
  7254 | D:10     | Killed a two-headed ogre
  7255 | D:10     | Reached skill level 5 in Conjurations
  7522 | D:10     | Found an opulent altar of Gozag.
  8347 | D:8      | Found Ykuquoc's Firing Range.
  8731 | D:9      | Reached **** piety under Cheibriados
  8792 | D:9      | Noticed a gargoyle
  8796 | D:9      | Killed a gargoyle
  8797 | D:9      | Reached XP level 11. HP: 58/69 MP: 17/17
  9006 | D:9      | Noticed a cyclops
  9013 | D:9      | Killed a cyclops
  9787 | D:10     | Found Jis Tul's Antique Armour Emporium.
  9993 | D:11     | Reached ***** piety under Cheibriados
 10199 | D:11     | Noticed Lodul
 10225 | D:11     | Killed Lodul
 10248 | D:11     | Reached skill level 10 in Fighting
 10248 | D:11     | Reached skill level 10 in Maces & Flails
 10412 | D:11     | Found a staircase to the Lair.
 10718 | D:12     | Reached XP level 12. HP: 79/79 MP: 15/19
 10744 | D:12     | Found a staircase to the Orcish Mines.
 11125 | D:12     | Found Guinwapp's Demolitions Depot.
 11149 | D:12     | Noticed Jorgrun
 11160 | D:12     | Killed from afar by Jorgrun

Illustrated notes

Levels and vault maps discovered:
D:1:      tarquinn_simple_flora_water_d, layout_loops_corners,
          minmay_statues_item
D:2:      layout_loops_ring, minmay_tetromino_l2
D:3:      layout_loops_corners
D:4:      layout_basic, lemuel_coloured_pillars_altar, dk_noncrumbling_4,
          uniq_edmund
D:5:      layout_loops_corners, minmay_temple_entry_proselytizer, uniq_menkaure,
          uniq_grinder, uniq_crazy_yiuf_cottage, uniq_pikel
D:6:      layout_rooms, mainiacjoe_overflow_small_starburst, serial_shops,
          nicolae_shop_advertising_works [nicolae_subvault_shop_adworks],
          nrook_mini_vaults, monkooky_shop_mail_order
D:7:      layout_loops_ring, mainiacjoe_overflow_big_doors,
          gammafunk_ghost_stat_death, nicolae_shop_self_help
D:8:      layout_loops_cross, nicolae_shop_firing_range
D:9:      layout_long_grid, lightli_minifort
D:10:     layout_basic, nicolae_gozag_cash_rules_everything_around_me,
          serial_shops, nicolae_shop_hallway_plus
D:11:     layout_cave_pools, david_lair_generic, uniq_lodul
D:12:     layout_irregular_city, erik_orc_4, serial_shops, shop,
          nicolae_blasting_shop, uniq_jorgrun
Temple:   hellmonk_temple_divided_pantheon

Skill      XL: |  1  2  3  4  5  6  7  8  9 10 11 |
---------------+----------------------------------+-----
Maces & Flails | 3 4 5 6 7 8 10 | 10.8
Fighting       | 4 5 6 7 8 10 | 10.9
Armour         | 5 |  5.1
Invocations    | 3 6 9 |  9.9
Shields        | 5 |  5.3
Conjurations   | 2 7 8 |  8.2

Action                     |  1- 3 |  4- 6 |  7- 9 | 10-12 || total
---------------------------+-------+-------+-------+-------++-------
  Melee: Flail             |    90 |   178 |   247 |   104 ||   619
         Morningstar       |       |       |       |   390 ||   390
   Cast: Magic Dart        |       |       |       |    17 ||    17
  Evoke: Wand              |       |     7 |     1 |     1 ||     9
    Use: Potion            |       |       |     4 |     1 ||     5
         Scroll            |       |       |     4 |     5 ||     9
 Armour: Scale mail        |    59 |   133 |    65 |       ||   257
         Plate armour      |       |       |   137 |   396 ||   533
  Dodge: Dodged            |    28 |    78 |    85 |   433 ||   624
         Repelled          |       |       |     1 |    17 ||    18
  Block: Buckler           |    23 |    24 |    52 |   162 ||   261
